 Dungeon Crawl Stone Soup version 0.21-a0-578-gc6e9d75 (webtiles) character file.

9 Gerstahl the Skirmisher (level 2, 24/24 HPs)
             Began as a Demonspawn Monk on Dec 18, 2017.
             Quit the game on level 1 of the Dungeon.
             The game lasted 00:00:36 (528 turns).

Gerstahl the Skirmisher (Demonspawn Monk)            Turns: 528, Time: 00:00:37

Health: 24/24      AC:  2    Str: 11    XL:     2   Next: 6%
Magic:  2/2        EV: 13    Int: 11    God:
Gold:   7          SH:  4    Dex: 15    Spells: 1/1 levels left

rFire    . . .     SeeInvis .   a - +0 falchion
rCold    . . .     Gourm    .   (no shield)
rNeg     . . .     Faith    .   b - +0 robe
rPois    .         Spirit   .   (no helmet)
rElec    .         Reflect  .   (no cloak)
rCorr    .         Harm     .   (no gloves)
MR       .....                  (no boots)
Stlth    ++........             (no amulet)
HPRegen  0.08/turn              (no ring)
MPRegen  0.08/turn              (no ring)

@: no status effects
A: large bone plates 1
a: no special abilities


You were on level 1 of the Dungeon.
You were not hungry.

You visited 1 branch of the dungeon, and saw 1 of its levels.

You collected 7 gold pieces.

Inventory:

Hand Weapons
 a - a +0 falchion (weapon)
Armour
 b - a +0 robe (worn)
Jewellery
 g - an uncursed ring of positive energy {unknown}
Scrolls
 d - a scroll of amnesia {unknown}
 h - a scroll of remove curse {unknown}
 j - a scroll of blinking {unknown}
Potions
 e - a potion of magic {unknown}
 i - a potion of brilliance {unknown}
Comestibles
 c - 2 rations
 f - 3 chunks of flesh


   Skills:
 + Level 3.3 Fighting
 + Level 3.0 Long Blades
 - Level 2.6 Dodging
 - Level 1.7 Stealth


You had one spell level left.
You didn't know any spells.

Dungeon Overview and Level Annotations

Branches:
Dungeon (1/15)

Altars:


Innate Abilities, Weirdness & Mutations

You are partially covered in large bone plates. (SH +4)


Message History

A frilled lizard comes into view.
Found a scroll labeled GUMIEDDU YZUEN.
Found 13 gold pieces.
The helpless frilled lizard fails to defend itself.
You hit the frilled lizard.
You kill the frilled lizard!
Your Long Blades skill increases to level 3!
Found a scroll labeled FEICWA POBA.
The helpless leopard gecko fails to defend itself.
You hit the leopard gecko.
The leopard gecko is almost dead.
The leopard gecko closely misses you.
You riposte.
You hit the leopard gecko.
You kill the leopard gecko!
You have reached level 2!
Your demonic ancestry asserts itself...
Large bone plates grow over parts of your arms.
You butcher the leopard gecko corpse.
f - 3 chunks of flesh (gained 2)
j - a scroll labeled GUMIEDDU YZUEN Are you sure you want to abandon this character and quit the game? (Confirm with "yes".)

#.# #.#######
##########.#......
#.................
#.................
#...†...).........
##
#.######.......$?.
.# #.# #.###......
.# #.# #@# .....$
#.######.# ......
#####.>....#.#
.####
.####.......##.#.#
.#
..........#.##.#.#
#####.###.#....#.#
..........###..#.#
######.#..# #..#..
...
#.#..###..#####


There were no monsters in sight!

Vanquished Creatures
  3 leopard geckos (D:1)
  A hobgoblin (D:1)
  2 frilled lizards (D:1)
  A rat (D:1)
7 creatures vanquished.

Notes
Turn   | Place    | Note
-------+----------+-------------------------------------------
     0 | D:1      | Gerstahl the Demonspawn Monk began the quest for the Orb.
     0 | D:1      | Reached XP level 1. HP: 18/18 MP: 1/1
   520 | D:1      | Gained mutation: You are partially covered in large bone plates. (SH +4) [demonic ancestry]
   520 | D:1      | Reached XP level 2. HP: 24/24 MP: 2/2
   528 | D:1      | Quit the game

Vault maps used:
D:1:      lightli_arrival_boilingwater

Skill      XL: |  1 |
---------------+----+-----
Long Blades    | 3 |  3.0
Fighting       | |  3.3
Dodging        | |  2.6
Stealth        | |  1.7

Action                   || total
-------------------------++-------
Melee: Falchion          ||    20
 Stab: Sleeping          ||     3
Armor: Robe              ||     3
Dodge: Dodged            ||    12
       Rpst.: Falchion   ||     5

Table legend:
 A = Spawn XP
 B = Non-spawn XP
 C = Spawn XP percentage of total XP
 D = Spawn monster count
 E = Non-spawn monster count
 F = Spawn count percentage of total count
 G = Total turns spent on level
                    A         B        C        D         E        F      G
               +---------+---------+-------+---------+---------+-------+---------
         Total |       0 |      14 |   0.0 |       0 |       7 |   0.0 |   528
               +---------+---------+-------+---------+---------+-------+---------
           D:1 |       0 |      14 |   0.0 |       0 |       7 |   0.0 |   528
               +---------+---------+-------+---------+---------+-------+---------
